Marlies vs Moose
Created - October 31, 2023 at 19:07
Goals
|
| Marlies |
1 |
0 |
0 |
1 |
| Moose |
0 |
2 |
1 |
3 |
|
Shots
|
| Marlies |
12 |
10 |
1 |
23 |
| Moose |
9 |
13 |
11 |
33 |
|
1st period
1. Marlies , Martin Necas 8 (Aleksi Saarela 9, Brendan Guhle 3) at 10:10
Penalties :
Kole Sherwood (Tor) for Charging (Minor) at 17:19
2nd period
2. Moose , Julien Gauthier 2 (Juuso Valimaki 1, Chase De Leo 2) at 9:27
3. Moose , Chase De Leo 2 (Julien Gauthier 4) at 14:42
Penalties :
Anders Bjork (Man) for Hooking (Minor) at 0:15, Keaton Thompson (Tor) for Holding (Minor) at 11:48
3rd period
4. Moose , Anders Bjork 2 (Ludwig Bystrom 5) at 2:07
Penalties :
Aleksi Saarela (Tor) for Hooking (Minor) at 6:19, Anders Bjork (Man) for Tripping (Minor) at 12:44, Matthew Highmore (Tor) for Holding (Minor) at 18:26
Goalie Stats
Logan Thompson (Tor), 30 saves from 33 shots - (0.909), L, 2-3-1, 60:00 minutes
Filip Gustavsson (Man), 22 saves from 23 shots - (0.957), W, 6-1-1, 60:00 minutes
Players Stats for Marlies
Player Name G A P +/- PIM S H SB GA TA FO MP PP MP PK MP
------------------------------------------------------------------------------------
Aleksi Saarela 0 1 1 0 2 4 3 0 3 0 14/29 21:01 2:11 0:34
Alex Formenton 0 0 0 0 0 0 3 0 1 0 1/2 20:21 2:11 0:00
Brendan Guhle 0 1 1 -1 0 0 3 1 0 1 0/0 27:16 2:05 4:35
Colton Sissons 0 0 0 -1 0 2 3 1 1 0 6/15 17:18 0:00 3:53
Henri Ikonen 0 0 0 0 0 0 1 0 0 0 0/0 8:59 0:00 1:27
Jeff Corbett 0 0 0 -1 0 0 0 1 0 2 0/0 21:14 2:08 2:55
Joel Farabee 0 0 0 -1 0 3 1 0 1 0 2/3 14:44 1:47 0:00
Keaton Thompson 0 0 0 -1 2 1 1 2 0 1 0/0 16:42 0:09 0:00
Kole Sherwood 0 0 0 -1 2 0 2 0 1 0 0/0 11:22 0:00 1:24
Logan Brown 0 0 0 -1 0 3 0 0 0 0 4/5 13:31 1:47 2:05
Lucas Carlsson 0 0 0 0 0 1 2 2 0 0 0/0 15:42 0:00 4:35
Martin Necas 1 0 1 0 0 1 2 0 0 1 1/1 20:18 2:11 0:00
Mathieu Olivier 0 0 0 -1 0 1 2 0 0 0 1/1 16:53 1:47 2:05
Matthew Highmore 0 0 0 0 2 1 1 0 0 0 1/2 6:59 0:00 0:03
Pierre-Olivier Joseph 0 0 0 -1 0 3 1 0 1 1 0/0 25:56 1:44 2:55
Rasmus Dahlin 0 0 0 0 0 1 0 0 1 0 0/0 12:23 1:50 0:00
Tobias Lindberg 0 0 0 0 0 1 0 0 0 0 0/0 7:19 0:00 0:00
Tyler Benson 0 0 0 -1 0 1 0 0 0 1 0/0 14:28 0:00 3:29
Players Stats for Moose
Player Name G A P +/- PIM S H SB GA TA FO MP PP MP PK MP
------------------------------------------------------------------------------------
Adam Ruzicka 0 0 0 2 0 0 1 0 0 0 0/0 9:50 0:00 0:00
Anders Bjork 1 0 1 1 4 3 3 1 1 0 1/3 20:47 3:47 0:00
Boris Katchouk 0 0 0 -1 0 1 0 0 0 0 0/0 7:49 0:03 0:01
Caleb Jones 0 0 0 1 0 1 2 1 0 1 0/0 10:27 0:00 0:00
Chase De Leo 1 1 2 2 0 2 1 1 0 1 3/7 13:11 0:13 2:08
Dylan Strome 0 0 0 1 0 5 2 1 1 1 15/31 20:31 3:51 0:25
Erik Cernak 0 0 0 0 0 1 1 7 0 1 0/0 28:41 4:13 2:05
Jake Leschyshyn 0 0 0 -1 0 4 1 0 0 0 1/3 8:21 0:00 0:38
Josh Mahura 0 0 0 1 0 1 1 0 0 0 0/0 12:27 0:00 1:53
Julien Gauthier 1 1 2 2 0 2 1 0 0 0 0/0 12:27 0:10 1:12
Juuso Valimaki 0 1 1 1 0 1 1 0 0 1 0/0 18:52 3:17 0:00
Kieffer Bellows 0 0 0 -1 0 2 0 0 0 0 0/1 7:42 0:00 0:00
Ludwig Bystrom 0 1 1 0 0 2 2 0 1 1 0/0 28:41 4:13 2:05
Mathieu Joseph 0 0 0 1 0 0 0 0 1 0 0/0 22:20 3:47 1:53
Matthew Benning 0 0 0 1 0 0 5 2 0 1 0/0 20:52 3:17 1:53
Michael McLeod 0 0 0 0 0 4 0 1 2 0 7/12 17:14 3:33 0:00
Nikolay Goldobin 0 0 0 0 0 4 1 0 1 1 0/0 18:33 3:33 1:39
Vinni Lettieri 0 0 0 0 0 0 0 0 0 1 1/1 17:15 3:33 0:00
3 Stars
1 - Chase De Leo (Man)
2 - Julien Gauthier (Man)
3 - Filip Gustavsson (Man)
Power Play
Marlies - 0 on 2 Attempt(s) - 0.00%
Moose - 0 on 4 Attempt(s) - 0.00%
Penalty Kill
Marlies - 4 on 4 Attempt(s) - 100.00%
- Score 0 goal in Penalty Kill
Moose - 2 on 2 Attempt(s) - 100.00%
- Score 0 goal in Penalty Kill
Team Stat
Marlies - Hits : 25 - Faceoff Wins : 30 - Blocked Shots : 7 - Penalty Minutes : 8
Moose - Hits : 22 - Faceoff Wins : 28 - Blocked Shots : 14 - Penalty Minutes : 4
Official
Referees : Jon McIsaac and Justin St. Pierre
Linesman : Pierre Racicot and Brandon Gawryletz
Game Notes
No Game Note
Finance
Level 1 -- Attendance: 1925 (96.25%) -- Ticket Income $134,750
Level 2 -- Attendance: 851 (85.10%) -- Ticket Income $34,040
Total Attendance: 2776 (92.53%)
Total Ticket Income: $168,790
Other Income: $8,440
Total Income: $177,230
Marlies
5 vs 5 Forward
Center Left Wing Right Wing Time % Phy DF OF
1 Aleksi Saarela Alex Formenton Martin Necas 40 1 2 2
2 Colton Sissons Joel Farabee Mathieu Olivier 30 1 2 2
3 Logan Brown Tyler Benson Kole Sherwood 20 1 2 2
4 Matthew Highmore Henri Ikonen Tobias Lindberg 10 1 2 2
5 vs 5 Defense
Defense Defense Time % Phy DF OF
1 Brendan Guhle Pierre-Olivier Joseph 40 1 2 2
2 Jeff Corbett Keaton Thompson 30 1 2 2
3 Rasmus Dahlin Lucas Carlsson 20 1 2 2
4 Brendan Guhle Pierre-Olivier Joseph 10 1 2 2
PowerPlay Forward
Center Left Wing Right Wing Time % Phy DF OF
1 Aleksi Saarela Alex Formenton Martin Necas 60 1 2 2
2 Logan Brown Joel Farabee Mathieu Olivier 40 1 2 2
PowerPlay Defense
Defense Defense Time % Phy DF OF
1 Jeff Corbett Pierre-Olivier Joseph 60 1 2 2
2 Brendan Guhle Rasmus Dahlin 40 1 2 2
Penalty Kill 4 Players Forward
Center Wing Time % Phy DF OF
1 Colton Sissons Tyler Benson 60 1 2 2
2 Logan Brown Mathieu Olivier 40 1 2 2
Penalty Kill 4 Players Defense
Defense Defense Time % Phy DF OF
1 Brendan Guhle Lucas Carlsson 60 1 2 2
2 Jeff Corbett Pierre-Olivier Joseph 40 1 2 2
Penalty Kill - 3 Players Forward
Forward Time % Phy DF OF
1 Colton Sissons 60 1 2 2
2 Logan Brown 40 1 2 2
Penalty Kill - 3 Players Defense
Defense Defense Time % Phy DF OF
1 Brendan Guhle Lucas Carlsson 60 1 2 2
2 Jeff Corbett Pierre-Olivier Joseph 40 1 2 2
4 vs 4 Forward
Center Wing Time % Phy DF OF
1 Colton Sissons Tyler Benson 60 1 2 2
2 Logan Brown Mathieu Olivier 40 1 2 2
4 vs 4 Defense
Defense Defense Time % Phy DF OF
1 Brendan Guhle Pierre-Olivier Joseph 60 1 2 2
2 Jeff Corbett Lucas Carlsson 40 1 2 2
Last Minutes Offensive
Center Left Wing Right Wing Defense Defense
Aleksi Saarela Alex Formenton Martin Necas Brendan Guhle Jeff Corbett
Last Minutes Defensive
Center Left Wing Right Wing Defense Defense
Colton Sissons Tyler Benson Mathieu Olivier Brendan Guhle Lucas Carlsson
Goaltenders
Starting : Logan Thompson
Backup : Veini Vehvilainen
Extra Forwards
Normal : Colton Sissons, Joel Farabee, Tyler Benson - PP : Tyler Benson, Colton Sissons - PK : Kole Sherwood
Extra Defensemen
Normal : Lucas Carlsson, Jeff Corbett, Brendan Guhle - PP : Brendan Guhle - PK : Pierre-Olivier Joseph, Keaton Thompson
Penalty Shots
Joel Farabee, Aleksi Saarela, Colton Sissons, Matthew Highmore, Logan Brown
Custom OT Lines Forwards
Martin Necas, Alex Formenton, Colton Sissons, Aleksi Saarela, Joel Farabee, Mathieu Olivier, Tyler Benson, Logan Brown, Matthew Highmore, Kole Sherwood
Custom OT Lines Defensemen
Brendan Guhle, Pierre-Olivier Joseph, Jeff Corbett, Rasmus Dahlin, Keaton Thompson
Scratches
Isac Lundestrom (Healthy), Brycen Martin (Healthy), Marc McLaughlin (Healthy), Jonathan Gruden (Healthy), Dennis Gilbert (Healthy)
Jaden Lindo (Healthy), Jakob Forsbacka-Karlsson (Healthy), Dmitri Samorukov (Healthy), Jacob Bernard-Docker (Healthy), Radovan Bondra (Healthy)
Xavier Bernard (Healthy), Mike Hardman (Healthy), Otto Koivula (Healthy), Jonathan Davidsson (Healthy), Hugh McGing (Healthy)
Jan Jenik (Healthy), Matthew Thiessen (Healthy)
Moose
5 vs 5 Forward
Center Left Wing Right Wing Time % Phy DF OF
1 Dylan Strome Anders Bjork Mathieu Joseph 40 1 2 2
2 Michael McLeod Nikolay Goldobin Vinni Lettieri 30 1 2 2
3 Chase De Leo Adam Ruzicka Julien Gauthier 20 1 2 2
4 Jake Leschyshyn Boris Katchouk Kieffer Bellows 10 1 2 2
5 vs 5 Defense
Defense Defense Time % Phy DF OF
1 Erik Cernak Ludwig Bystrom 40 1 2 2
2 Matthew Benning Juuso Valimaki 30 1 2 2
3 Caleb Jones Josh Mahura 20 1 2 2
4 Erik Cernak Ludwig Bystrom 10 1 2 2
PowerPlay Forward
Center Left Wing Right Wing Time % Phy DF OF
1 Dylan Strome Anders Bjork Mathieu Joseph 60 1 2 2
2 Michael McLeod Nikolay Goldobin Vinni Lettieri 40 1 2 2
PowerPlay Defense
Defense Defense Time % Phy DF OF
1 Erik Cernak Ludwig Bystrom 60 1 2 2
2 Matthew Benning Juuso Valimaki 40 1 2 2
Penalty Kill 4 Players Forward
Center Wing Time % Phy DF OF
1 Chase De Leo Mathieu Joseph 60 1 2 2
2 Dylan Strome Nikolay Goldobin 40 1 2 2
Penalty Kill 4 Players Defense
Defense Defense Time % Phy DF OF
1 Erik Cernak Ludwig Bystrom 60 1 2 2
2 Matthew Benning Josh Mahura 40 1 2 2
Penalty Kill - 3 Players Forward
Forward Time % Phy DF OF
1 Chase De Leo 60 1 2 2
2 Mathieu Joseph 40 1 2 2
Penalty Kill - 3 Players Defense
Defense Defense Time % Phy DF OF
1 Erik Cernak Ludwig Bystrom 60 1 2 2
2 Matthew Benning Josh Mahura 40 1 2 2
4 vs 4 Forward
Center Wing Time % Phy DF OF
1 Chase De Leo Mathieu Joseph 60 1 2 2
2 Dylan Strome Nikolay Goldobin 40 1 2 2
4 vs 4 Defense
Defense Defense Time % Phy DF OF
1 Erik Cernak Ludwig Bystrom 60 1 2 2
2 Matthew Benning Juuso Valimaki 40 1 2 2
Last Minutes Offensive
Center Left Wing Right Wing Defense Defense
Dylan Strome Nikolay Goldobin Mathieu Joseph Erik Cernak Ludwig Bystrom
Last Minutes Defensive
Center Left Wing Right Wing Defense Defense
Dylan Strome Nikolay Goldobin Mathieu Joseph Erik Cernak Ludwig Bystrom
Goaltenders
Starting : Filip Gustavsson
Backup : Daniel Vladar
Extra Forwards
Normal : Chase De Leo, Anders Bjork, Julien Gauthier - PP : Chase De Leo, Anders Bjork - PK : Julien Gauthier
Extra Defensemen
Normal : Juuso Valimaki, Josh Mahura, Matthew Benning - PP : Josh Mahura - PK : Caleb Jones, Matthew Benning
Penalty Shots
Chase De Leo, Mathieu Joseph, Dylan Strome, Nikolay Goldobin, Michael McLeod
Custom OT Lines Forwards
Dylan Strome, Mathieu Joseph, Nikolay Goldobin, Boris Katchouk, Michael McLeod, Chase De Leo, Vinni Lettieri, Anders Bjork, Julien Gauthier, Kieffer Bellows
Custom OT Lines Defensemen
Erik Cernak, Ludwig Bystrom, Matthew Benning, Juuso Valimaki, Josh Mahura
Scratches
Riley Damiani (Healthy), Alexander Khovanov (Healthy), Urho Vaakanainen (Healthy), Mitchell Stephens (Healthy), Nelson Nogier (Broken Left Thumb Injury)
Nick Merkley (Healthy), Jonathan Kovacevic (Healthy), Joey Keane (Healthy), Adam Ginning (Healthy), Jonny Tychonick (Healthy)
Tomas Jurco (Healthy), Max Jones (Healthy), Nathan Bastian (Healthy), William Bitten (Healthy), Jonatan Berggren (Healthy)
Joey Daccord (Healthy), Karel Vejmelka (Healthy)
% Time on Ice - Marlies
Lines # - Real PCT - Wanted PCT - Time Play
Normal Forward
1 - 36% - 40% - 17:30
2 - 31% - 30% - 15:07
3 - 20% - 20% - 9:44
4 - 13% - 10% - 6:11
Normal Defense
1 - 40% - 40% - 19:23
2 - 34% - 30% - 16:18
3 - 21% - 20% - 10:07
4 - 6% - 10% - 2:44
PP Forward
1 - 55% - 60% - 2:11
2 - 45% - 40% - 1:47
PP Defense
1 - 58% - 60% - 2:17
2 - 42% - 40% - 1:41
PK Forward
1 - 72% - 60% - 5:25
2 - 28% - 40% - 2:05
PK Defense
1 - 61% - 60% - 4:35
2 - 39% - 40% - 2:55
PK3 Forward
1 - 0% - 60%
2 - 0% - 40%
PK3 Defense
1 - 0% - 60%
2 - 0% - 40%
44 Forward
1 - 0% - 60%
2 - 0% - 40%
44 Defense
1 - 0% - 60%
2 - 0% - 40%
Last Minute Offensive - 0:00
Last Minute Defensive - 0:00
Total
Forward - 60:00
Defense - 60:00
|
% Time on Ice - Moose
Lines # - Real PCT - Wanted PCT - Time Play
Normal Forward
1 - 34% - 40% - 16:32
2 - 31% - 30% - 15:07
3 - 20% - 20% - 9:50
4 - 15% - 10% - 7:03
Normal Defense
1 - 40% - 40% - 19:38
2 - 32% - 30% - 15:42
3 - 22% - 20% - 10:27
4 - 6% - 10% - 2:45
PP Forward
1 - 53% - 60% - 3:57
2 - 47% - 40% - 3:33
PP Defense
1 - 56% - 60% - 4:13
2 - 44% - 40% - 3:17
PK Forward
1 - 89% - 60% - 3:33
2 - 11% - 40% - 0:25
PK Defense
1 - 53% - 60% - 2:05
2 - 47% - 40% - 1:53
PK3 Forward
1 - 0% - 60%
2 - 0% - 40%
PK3 Defense
1 - 0% - 60%
2 - 0% - 40%
44 Forward
1 - 0% - 60%
2 - 0% - 40%
44 Defense
1 - 0% - 60%
2 - 0% - 40%
Last Minute Offensive - 0:00
Last Minute Defensive - 0:00
Total
Forward - 60:00
Defense - 60:00
|
Play-by-Play
1st period
0:01 of 1st period - Aleksi Saarela wins face-off versus Dylan Strome in neutral zone.
0:03 of 1st period - Off-side.
0:04 of 1st period - Dylan Strome wins face-off versus Aleksi Saarela in neutral zone.
0:31 of 1st period - Slapshot by Pierre-Olivier Joseph.
0:31 of 1st period - Stopped by Filip Gustavsson with a rebound.
0:37 of 1st period - Wrist shot by Michael McLeod.
0:37 of 1st period - Shot Misses the Net.
0:39 of 1st period - Wrist shot by Vinni Lettieri.
0:39 of 1st period - Shot Misses the Net.
0:49 of 1st period - Juuso Valimaki is hit by Kole Sherwood and loses puck.
0:54 of 1st period - Wrist shot by Logan Brown.
0:54 of 1st period - Shot Blocked by Matthew Benning.
1:14 of 1st period - Wrist shot by Kieffer Bellows.
1:14 of 1st period - Stopped by Logan Thompson without a rebound.
1:15 of 1st period - Jake Leschyshyn wins face-off versus Matthew Highmore in Marlies zone.
1:18 of 1st period - Snap shot by Jake Leschyshyn.
1:18 of 1st period - Shot Misses the Net.
1:33 of 1st period - Boris Katchouk is hit by Matthew Highmore and loses puck.
1:48 of 1st period - Wrist shot by Tobias Lindberg.
1:48 of 1st period - Stopped by Filip Gustavsson without a rebound.
1:49 of 1st period - Aleksi Saarela wins face-off versus Dylan Strome in Moose zone.
2:04 of 1st period - Mathieu Joseph is hit by Aleksi Saarela and loses puck.
2:15 of 1st period - Lucas Carlsson is hit by Erik Cernak and loses puck.
2:24 of 1st period - Slapshot by Pierre-Olivier Joseph.
2:24 of 1st period - Shot Blocked by Erik Cernak.
2:36 of 1st period - Wrist shot by Chase De Leo.
2:36 of 1st period - Stopped by Logan Thompson with a rebound.
4:22 of 1st period - Wrist shot by Jake Leschyshyn.
4:22 of 1st period - Stopped by Logan Thompson with a rebound.
4:24 of 1st period - Slapshot by Jake Leschyshyn.
4:24 of 1st period - Stopped by Logan Thompson without a rebound.
4:25 of 1st period - Aleksi Saarela wins face-off versus Dylan Strome in Marlies zone.
4:25 of 1st period - Aleksi Saarela is hit by Dylan Strome.
4:35 of 1st period - Snap shot by Aleksi Saarela.
4:35 of 1st period - Shot Misses the Net.
4:37 of 1st period - Wrist shot by Aleksi Saarela.
4:37 of 1st period - Shot Misses the Net.
5:21 of 1st period - Snap shot by Tyler Benson.
5:21 of 1st period - Shot Misses the Net.
5:23 of 1st period - Wrist shot by Logan Brown.
5:23 of 1st period - Shot Blocked by Chase De Leo.
5:27 of 1st period - Snap shot by Logan Brown.
5:27 of 1st period - Stopped by Filip Gustavsson without a rebound.
5:28 of 1st period - Aleksi Saarela wins face-off versus Dylan Strome in Moose zone.
5:43 of 1st period - Snap shot by Martin Necas.
5:43 of 1st period - Shot Misses the Net.
5:53 of 1st period - Rasmus Dahlin is hit by Matthew Benning.
6:05 of 1st period - Vinni Lettieri is hit by Colton Sissons and loses puck.
6:29 of 1st period - Slapshot by Pierre-Olivier Joseph.
6:29 of 1st period - Stopped by Filip Gustavsson with a rebound.
6:43 of 1st period - Wrist shot by Aleksi Saarela.
6:43 of 1st period - Stopped by Filip Gustavsson with a rebound.
6:45 of 1st period - Slapshot by Brendan Guhle.
6:45 of 1st period - Shot Blocked by Matthew Benning.
6:47 of 1st period - Snap shot by Aleksi Saarela.
6:47 of 1st period - Stopped by Filip Gustavsson without a rebound.
6:48 of 1st period - Dylan Strome wins face-off versus Logan Brown in Moose zone.
6:59 of 1st period - Snap shot by Anders Bjork.
6:59 of 1st period - Shot Misses the Net.
7:18 of 1st period - Aleksi Saarela is hit by Caleb Jones and loses puck.
8:54 of 1st period - Snap shot by Michael McLeod.
8:54 of 1st period - Shot Misses the Net.
8:56 of 1st period - Slapshot by Erik Cernak.
8:56 of 1st period - Stopped by Logan Thompson with a rebound.
8:58 of 1st period - Snap shot by Michael McLeod.
8:58 of 1st period - Shot Misses the Net.
9:06 of 1st period - Slapshot by Michael McLeod.
9:06 of 1st period - Stopped by Logan Thompson without a rebound.
9:07 of 1st period - Dylan Strome wins face-off versus Colton Sissons in Marlies zone.
9:32 of 1st period - Kole Sherwood is hit by Adam Ruzicka and loses puck.
9:55 of 1st period - Wrist shot by Jake Leschyshyn.
9:55 of 1st period - Shot Misses the Net.
9:57 of 1st period - Wrist shot by Kieffer Bellows.
9:57 of 1st period - Deflect By Jake Leschyshyn.
9:57 of 1st period - Shot Misses the Net.
9:57 of 1st period - Puck is out of play.
9:58 of 1st period - Aleksi Saarela wins face-off versus Kieffer Bellows in Marlies zone.
10:10 of 1st period - Snap shot by Martin Necas.
10:10 of 1st period - Goal by Martin Necas - Marlies : 1 - Moose : 0.
10:11 of 1st period - Dylan Strome wins face-off versus Aleksi Saarela in neutral zone.
10:34 of 1st period - Icing by Ludwig Bystrom.
10:35 of 1st period - Dylan Strome wins face-off versus Colton Sissons in Moose zone.
10:44 of 1st period - Snap shot by Mathieu Olivier.
10:44 of 1st period - Stopped by Filip Gustavsson with a rebound.
10:59 of 1st period - Off-side.
11:00 of 1st period - Aleksi Saarela wins face-off versus Anders Bjork in neutral zone.
11:27 of 1st period - Mathieu Olivier is hit by Matthew Benning and loses puck.
12:20 of 1st period - Slapshot by Ludwig Bystrom.
12:20 of 1st period - Shot Misses the Net.
12:34 of 1st period - Mathieu Joseph is hit by Lucas Carlsson.
12:53 of 1st period - Snap shot by Joel Farabee.
12:53 of 1st period - Stopped by Filip Gustavsson without a rebound.
12:54 of 1st period - Colton Sissons wins face-off versus Dylan Strome in Moose zone.
12:55 of 1st period - Snap shot by Joel Farabee.
12:55 of 1st period - Stopped by Filip Gustavsson without a rebound.
12:56 of 1st period - Dylan Strome wins face-off versus Joel Farabee in Moose zone.
13:46 of 1st period - Icing by Juuso Valimaki.
13:47 of 1st period - Colton Sissons wins face-off versus Chase De Leo in Moose zone.
14:42 of 1st period - Snap shot by Boris Katchouk.
14:42 of 1st period - Stopped by Logan Thompson with a rebound.
15:01 of 1st period - Wrist shot by Michael McLeod.
15:01 of 1st period - Stopped by Logan Thompson without a rebound.
15:02 of 1st period - Anders Bjork wins face-off versus Colton Sissons in Marlies zone.
15:05 of 1st period - Slapshot by Anders Bjork.
15:05 of 1st period - Shot Misses the Net.
15:17 of 1st period - Wrist shot by Joel Farabee.
15:17 of 1st period - Stopped by Filip Gustavsson without a rebound.
15:18 of 1st period - Aleksi Saarela wins face-off versus Michael McLeod in Moose zone.
16:24 of 1st period - Boris Katchouk is hit by Henri Ikonen and loses puck.
16:39 of 1st period - Henri Ikonen is hit by Ludwig Bystrom and loses puck.
16:50 of 1st period - Snap shot by Anders Bjork.
16:50 of 1st period - Shot Blocked by Keaton Thompson.
16:52 of 1st period - Snap shot by Dylan Strome.
16:52 of 1st period - Shot Misses the Net.
16:54 of 1st period - Slapshot by Caleb Jones.
16:54 of 1st period - Deflect By Jeff Corbett.
16:54 of 1st period - Stopped by Logan Thompson with a rebound.
16:56 of 1st period - Slapshot by Josh Mahura.
16:56 of 1st period - Shot Blocked by Jeff Corbett.
16:58 of 1st period - Wrist shot by Mathieu Joseph.
16:58 of 1st period - Shot Misses the Net.
17:00 of 1st period - Snap shot by Dylan Strome.
17:00 of 1st period - Shot Misses the Net.
17:10 of 1st period - Snap shot by Logan Brown.
17:10 of 1st period - Stopped by Filip Gustavsson without a rebound.
17:11 of 1st period - Logan Brown wins face-off versus Michael McLeod in Moose zone.
17:19 of 1st period - Minor Penalty to Kole Sherwood for Charging.
17:20 of 1st period - Dylan Strome wins face-off versus Colton Sissons in Marlies zone.
17:45 of 1st period - Brendan Guhle is hit by Nikolay Goldobin and loses puck.
19:19 of 1st period - Penalty to Kole Sherwood is over, Kole Sherwood is back on ice.
Goals for this period are 1 for Marlies vs 0 for Moose.
Shots for this period are 12 for Marlies vs 9 for Moose.
2nd period
0:01 of 2nd period - Dylan Strome wins face-off versus Alex Formenton in neutral zone.
0:15 of 2nd period - Minor Penalty to Anders Bjork for Hooking.
0:16 of 2nd period - Aleksi Saarela wins face-off versus Chase De Leo in Moose zone.
2:08 of 2nd period - Matthew Benning is hit by Martin Necas and loses puck.
2:15 of 2nd period - Penalty to Anders Bjork is over, Anders Bjork is back on ice.
2:21 of 2nd period - Snap shot by Anders Bjork.
2:21 of 2nd period - Stopped by Logan Thompson without a rebound.
2:22 of 2nd period - Matthew Highmore wins face-off versus Jake Leschyshyn in Marlies zone.
2:29 of 2nd period - Wrist shot by Jake Leschyshyn.
2:29 of 2nd period - Deflect By Kieffer Bellows.
2:29 of 2nd period - Stopped by Logan Thompson without a rebound.
2:30 of 2nd period - Colton Sissons wins face-off versus Jake Leschyshyn in Marlies zone.
2:37 of 2nd period - Erik Cernak is hit by Mathieu Olivier and loses puck.
2:42 of 2nd period - Snap shot by Colton Sissons.
2:42 of 2nd period - Stopped by Filip Gustavsson with a rebound.
2:44 of 2nd period - Wrist shot by Keaton Thompson.
2:44 of 2nd period - Stopped by Filip Gustavsson with a rebound.
2:46 of 2nd period - Snap shot by Colton Sissons.
2:46 of 2nd period - Stopped by Filip Gustavsson with a rebound.
3:02 of 2nd period - Snap shot by Henri Ikonen.
3:02 of 2nd period - Shot Misses the Net.
3:04 of 2nd period - Slapshot by Jeff Corbett.
3:04 of 2nd period - Shot Blocked by Erik Cernak.
3:06 of 2nd period - Slapshot by Tobias Lindberg.
3:06 of 2nd period - Shot Misses the Net.
3:08 of 2nd period - Snap shot by Matthew Highmore.
3:08 of 2nd period - Shot Blocked by Erik Cernak.
3:22 of 2nd period - Snap shot by Dylan Strome.
3:22 of 2nd period - Stopped by Logan Thompson without a rebound.
3:23 of 2nd period - Dylan Strome wins face-off versus Aleksi Saarela in Marlies zone.
3:57 of 2nd period - Slapshot by Mathieu Joseph.
3:57 of 2nd period - Shot Blocked by Lucas Carlsson.
4:13 of 2nd period - Snap shot by Aleksi Saarela.
4:13 of 2nd period - Stopped by Filip Gustavsson without a rebound.
4:14 of 2nd period - Joel Farabee wins face-off versus Michael McLeod in Moose zone.
4:49 of 2nd period - Wrist shot by Logan Brown.
4:49 of 2nd period - Shot Misses the Net.
5:11 of 2nd period - Wrist shot by Matthew Highmore.
5:11 of 2nd period - Stopped by Filip Gustavsson without a rebound.
5:12 of 2nd period - Joel Farabee wins face-off versus Dylan Strome in Moose zone.
5:13 of 2nd period - Slapshot by Pierre-Olivier Joseph.
5:13 of 2nd period - Stopped by Filip Gustavsson without a rebound.
5:14 of 2nd period - Colton Sissons wins face-off versus Dylan Strome in Moose zone.
5:45 of 2nd period - Michael McLeod is hit by Alex Formenton and loses puck.
6:07 of 2nd period - Slapshot by Tyler Benson.
6:07 of 2nd period - Shot Misses the Net.
6:09 of 2nd period - Slapshot by Kole Sherwood.
6:09 of 2nd period - Shot Misses the Net.
6:11 of 2nd period - Slapshot by Brendan Guhle.
6:11 of 2nd period - Shot Blocked by Erik Cernak.
6:13 of 2nd period - Snap shot by Logan Brown.
6:13 of 2nd period - Stopped by Filip Gustavsson with a rebound.
6:29 of 2nd period - Slapshot by Rasmus Dahlin.
6:29 of 2nd period - Stopped by Filip Gustavsson without a rebound.
6:30 of 2nd period - Dylan Strome wins face-off versus Aleksi Saarela in Moose zone.
6:43 of 2nd period - Martin Necas is hit by Josh Mahura and loses puck.
6:56 of 2nd period - Caleb Jones is hit by Kole Sherwood and loses puck.
7:01 of 2nd period - Snap shot by Tyler Benson.
7:01 of 2nd period - Shot Misses the Net.
7:03 of 2nd period - Snap shot by Jeff Corbett.
7:03 of 2nd period - Shot Blocked by Caleb Jones.
7:05 of 2nd period - Snap shot by Logan Brown.
7:05 of 2nd period - Shot Misses the Net.
7:07 of 2nd period - Snap shot by Tyler Benson.
7:07 of 2nd period - Stopped by Filip Gustavsson without a rebound.
7:08 of 2nd period - Chase De Leo wins face-off versus Aleksi Saarela in Moose zone.
7:42 of 2nd period - Snap shot by Joel Farabee.
7:42 of 2nd period - Shot Blocked by Dylan Strome.
8:00 of 2nd period - Snap shot by Michael McLeod.
8:00 of 2nd period - Shot Misses the Net.
8:02 of 2nd period - Slapshot by Erik Cernak.
8:02 of 2nd period - Deflect By Michael McLeod.
8:02 of 2nd period - Stopped by Logan Thompson without a rebound.
8:03 of 2nd period - Alex Formenton wins face-off versus Dylan Strome in Marlies zone.
8:03 of 2nd period - Alex Formenton is hit by Dylan Strome.
8:29 of 2nd period - Vinni Lettieri is hit by Colton Sissons and loses puck.
8:51 of 2nd period - Off-side.
8:52 of 2nd period - Logan Brown wins face-off versus Chase De Leo in neutral zone.
8:57 of 2nd period - Julien Gauthier is hit by Brendan Guhle and loses puck.
9:13 of 2nd period - Wrist shot by Julien Gauthier.
9:13 of 2nd period - Shot Misses the Net.
9:15 of 2nd period - Slapshot by Ludwig Bystrom.
9:15 of 2nd period - Deflect By Tyler Benson.
9:15 of 2nd period - Stopped by Logan Thompson with a rebound.
9:23 of 2nd period - Snap shot by Julien Gauthier.
9:23 of 2nd period - Stopped by Logan Thompson with a rebound.
9:25 of 2nd period - Slapshot by Juuso Valimaki.
9:25 of 2nd period - Stopped by Logan Thompson with a rebound.
9:27 of 2nd period - Slapshot by Julien Gauthier.
9:27 of 2nd period - Goal by Julien Gauthier - Marlies : 1 - Moose : 1.
9:28 of 2nd period - Dylan Strome wins face-off versus Aleksi Saarela in neutral zone.
9:37 of 2nd period - Snap shot by Dylan Strome.
9:37 of 2nd period - Stopped by Logan Thompson without a rebound.
9:38 of 2nd period - Aleksi Saarela wins face-off versus Dylan Strome in Marlies zone.
9:51 of 2nd period - Snap shot by Aleksi Saarela.
9:51 of 2nd period - Shot Blocked by Erik Cernak.
10:53 of 2nd period - Snap shot by Anders Bjork.
10:53 of 2nd period - Deflect By Dylan Strome.
10:53 of 2nd period - Shot Misses the Net.
10:53 of 2nd period - Puck is out of play.
10:54 of 2nd period - Michael McLeod wins face-off versus Colton Sissons in Marlies zone.
11:19 of 2nd period - Joel Farabee is hit by Jake Leschyshyn.
11:48 of 2nd period - Minor Penalty to Keaton Thompson for Holding.
11:49 of 2nd period - Michael McLeod wins face-off versus Colton Sissons in Marlies zone.
12:15 of 2nd period - Colton Sissons is hit by Anders Bjork and loses puck.
13:12 of 2nd period - Anders Bjork is hit by Pierre-Olivier Joseph and loses puck.
13:48 of 2nd period - Penalty to Keaton Thompson is over, Keaton Thompson is back on ice.
13:57 of 2nd period - Icing by Keaton Thompson.
13:58 of 2nd period - Chase De Leo wins face-off versus Aleksi Saarela in Marlies zone.
14:18 of 2nd period - Ludwig Bystrom is hit by Martin Necas and loses puck.
14:23 of 2nd period - Snap shot by Aleksi Saarela.
14:23 of 2nd period - Shot Blocked by Erik Cernak.
14:29 of 2nd period - Alex Formenton is hit by Chase De Leo and loses puck.
14:42 of 2nd period - Slapshot by Chase De Leo.
14:42 of 2nd period - Goal by Chase De Leo - Marlies : 1 - Moose : 2.
14:43 of 2nd period - Colton Sissons wins face-off versus Dylan Strome in neutral zone.
14:53 of 2nd period - Wrist shot by Anders Bjork.
14:53 of 2nd period - Shot Misses the Net.
15:16 of 2nd period - Icing by Ludwig Bystrom.
15:17 of 2nd period - Vinni Lettieri wins face-off versus Aleksi Saarela in Moose zone.
16:57 of 2nd period - Snap shot by Michael McLeod.
16:57 of 2nd period - Stopped by Logan Thompson without a rebound.
16:58 of 2nd period - Michael McLeod wins face-off versus Aleksi Saarela in Marlies zone.
17:30 of 2nd period - Jeff Corbett is hit by Julien Gauthier and loses puck.
18:35 of 2nd period - Henri Ikonen is hit by Juuso Valimaki.
18:41 of 2nd period - Wrist shot by Nikolay Goldobin.
18:41 of 2nd period - Stopped by Logan Thompson with a rebound.
18:43 of 2nd period - Wrist shot by Michael McLeod.
18:43 of 2nd period - Shot Misses the Net.
18:57 of 2nd period - Snap shot by Mathieu Olivier.
18:57 of 2nd period - Shot Misses the Net.
18:59 of 2nd period - Slapshot by Lucas Carlsson.
18:59 of 2nd period - Stopped by Filip Gustavsson without a rebound.
19:00 of 2nd period - Dylan Strome wins face-off versus Colton Sissons in Moose zone.
19:00 of 2nd period - Dylan Strome is hit by Brendan Guhle.
19:22 of 2nd period - Slapshot by Pierre-Olivier Joseph.
19:22 of 2nd period - Shot Misses the Net.
19:24 of 2nd period - Slapshot by Jeff Corbett.
19:24 of 2nd period - Shot Blocked by Anders Bjork.
19:41 of 2nd period - Slapshot by Anders Bjork.
19:41 of 2nd period - Deflect By Dylan Strome.
19:41 of 2nd period - Shot Blocked by Colton Sissons.
19:41 of 2nd period - Puck is out of play.
19:42 of 2nd period - Michael McLeod wins face-off versus Aleksi Saarela in Marlies zone.
19:49 of 2nd period - Snap shot by Michael McLeod.
19:49 of 2nd period - Shot Blocked by Keaton Thompson.
19:51 of 2nd period - Slapshot by Ludwig Bystrom.
19:51 of 2nd period - Stopped by Logan Thompson with a rebound.
Goals for this period are 0 for Marlies vs 2 for Moose.
Shots for this period are 10 for Marlies vs 13 for Moose.
3rd period
0:01 of 3rd period - Aleksi Saarela wins face-off versus Dylan Strome in neutral zone.
0:03 of 3rd period - Off-side.
0:04 of 3rd period - Aleksi Saarela wins face-off versus Dylan Strome in neutral zone.
0:06 of 3rd period - Off-side.
0:07 of 3rd period - Martin Necas wins face-off versus Dylan Strome in neutral zone.
0:14 of 3rd period - Snap shot by Aleksi Saarela.
0:14 of 3rd period - Shot Misses the Net.
0:16 of 3rd period - Slapshot by Brendan Guhle.
0:16 of 3rd period - Shot Misses the Net.
0:18 of 3rd period - Slapshot by Aleksi Saarela.
0:18 of 3rd period - Stopped by Filip Gustavsson with a rebound.
0:40 of 3rd period - Wrist shot by Nikolay Goldobin.
0:40 of 3rd period - Stopped by Logan Thompson without a rebound.
0:41 of 3rd period - Aleksi Saarela wins face-off versus Michael McLeod in Marlies zone.
0:41 of 3rd period - Aleksi Saarela is hit by Matthew Benning.
1:30 of 3rd period - Kole Sherwood is hit by Matthew Benning and loses puck.
1:36 of 3rd period - Off-side.
1:37 of 3rd period - Michael McLeod wins face-off versus Aleksi Saarela in neutral zone.
2:07 of 3rd period - Snap shot by Anders Bjork.
2:07 of 3rd period - Goal by Anders Bjork - Marlies : 1 - Moose : 3.
2:08 of 3rd period - Aleksi Saarela wins face-off versus Anders Bjork in neutral zone.
2:15 of 3rd period - Slapshot by Martin Necas.
2:15 of 3rd period - Shot Blocked by Erik Cernak.
2:40 of 3rd period - Snap shot by Nikolay Goldobin.
2:40 of 3rd period - Stopped by Logan Thompson with a rebound.
2:42 of 3rd period - Snap shot by Nikolay Goldobin.
2:42 of 3rd period - Stopped by Logan Thompson with a rebound.
3:17 of 3rd period - Slapshot by Dylan Strome.
3:17 of 3rd period - Stopped by Logan Thompson with a rebound.
3:38 of 3rd period - Off-side.
3:39 of 3rd period - Michael McLeod wins face-off versus Aleksi Saarela in neutral zone.
4:10 of 3rd period - Wrist shot by Dylan Strome.
4:10 of 3rd period - Stopped by Logan Thompson with a rebound.
4:14 of 3rd period - Backhand shot by Anders Bjork.
4:14 of 3rd period - Stopped by Logan Thompson without a rebound.
4:15 of 3rd period - Logan Brown wins face-off versus Dylan Strome in Marlies zone.
5:02 of 3rd period - Off-side.
5:03 of 3rd period - Chase De Leo wins face-off versus Colton Sissons in neutral zone.
5:10 of 3rd period - Julien Gauthier is hit by Joel Farabee and loses puck.
5:26 of 3rd period - Icing by Chase De Leo.
5:27 of 3rd period - Logan Brown wins face-off versus Dylan Strome in Moose zone.
5:54 of 3rd period - Icing by Erik Cernak.
5:55 of 3rd period - Michael McLeod wins face-off versus Aleksi Saarela in Moose zone.
5:55 of 3rd period - Michael McLeod is hit by Alex Formenton.
6:17 of 3rd period - Wrist shot by Michael McLeod.
6:17 of 3rd period - Shot Misses the Net.
6:19 of 3rd period - Minor Penalty to Aleksi Saarela for Hooking.
6:20 of 3rd period - Colton Sissons wins face-off versus Dylan Strome in Marlies zone.
8:08 of 3rd period - Colton Sissons is hit by Matthew Benning and loses puck.
8:19 of 3rd period - Penalty to Aleksi Saarela is over, Aleksi Saarela is back on ice.
8:41 of 3rd period - Matthew Benning is hit by Aleksi Saarela and loses puck.
8:52 of 3rd period - Wrist shot by Jake Leschyshyn.
8:52 of 3rd period - Stopped by Logan Thompson with a rebound.
9:39 of 3rd period - Brendan Guhle is hit by Caleb Jones and loses puck.
10:32 of 3rd period - Wrist shot by Jake Leschyshyn.
10:32 of 3rd period - Stopped by Logan Thompson without a rebound.
10:33 of 3rd period - Dylan Strome wins face-off versus Aleksi Saarela in Marlies zone.
10:44 of 3rd period - Snap shot by Martin Necas.
10:44 of 3rd period - Deflect By Alex Formenton.
10:44 of 3rd period - Shot Misses the Net.
10:44 of 3rd period - Puck is out of play.
10:45 of 3rd period - Mathieu Olivier wins face-off versus Michael McLeod in Moose zone.
11:23 of 3rd period - Snap shot by Dylan Strome.
11:23 of 3rd period - Stopped by Logan Thompson with a rebound.
12:02 of 3rd period - Slapshot by Ludwig Bystrom.
12:02 of 3rd period - Shot Misses the Net.
12:04 of 3rd period - Slapshot by Ludwig Bystrom.
12:04 of 3rd period - Shot Blocked by Brendan Guhle.
12:14 of 3rd period - Backhand shot by Pierre-Olivier Joseph.
12:14 of 3rd period - Shot Blocked by Michael McLeod.
12:22 of 3rd period - Slapshot by Josh Mahura.
12:22 of 3rd period - Deflect By Joel Farabee.
12:22 of 3rd period - Stopped by Logan Thompson without a rebound.
12:23 of 3rd period - Dylan Strome wins face-off versus Aleksi Saarela in Marlies zone.
12:32 of 3rd period - Matthew Benning is hit by Keaton Thompson.
12:44 of 3rd period - Minor Penalty to Anders Bjork for Tripping.
12:45 of 3rd period - Aleksi Saarela wins face-off versus Chase De Leo in Moose zone.
13:16 of 3rd period - Mathieu Joseph is hit by Mathieu Olivier and loses puck.
13:38 of 3rd period - Julien Gauthier is hit by Aleksi Saarela and loses puck.
14:44 of 3rd period - Penalty to Anders Bjork is over, Anders Bjork is back on ice.
14:53 of 3rd period - Snap shot by Boris Katchouk.
14:53 of 3rd period - Shot Misses the Net.
15:05 of 3rd period - Mathieu Joseph is hit by Colton Sissons.
15:41 of 3rd period - Josh Mahura is hit by Alex Formenton and loses puck.
15:52 of 3rd period - Lucas Carlsson is hit by Anders Bjork and loses puck.
16:05 of 3rd period - Slapshot by Josh Mahura.
16:05 of 3rd period - Shot Blocked by Lucas Carlsson.
16:13 of 3rd period - Nikolay Goldobin is hit by Lucas Carlsson and loses puck.
17:26 of 3rd period - Ludwig Bystrom is hit by Brendan Guhle and loses puck.
18:26 of 3rd period - Minor Penalty to Matthew Highmore for Holding.
18:27 of 3rd period - Dylan Strome wins face-off versus Colton Sissons in Marlies zone.
18:44 of 3rd period - Pierre-Olivier Joseph is hit by Ludwig Bystrom.
18:54 of 3rd period - Logan Brown is hit by Anders Bjork and loses puck.
Goals for this period are 0 for Marlies vs 1 for Moose.
Shots for this period are 1 for Marlies vs 11 for Moose.